 Dungeon Crawl Stone Soup version 0.31-a0-210-gccc998df9b (webtiles) character file.

Game seed: 15538940795244164217

14 Armakuni the Trooper (level 2, -9/19 HPs)
             Began as a Deep Elf Fighter on July 1, 2023.
             Succumbed to a kobold's poison
             ... on level 1 of the Dungeon.
             The game lasted 00:01:18 (494 turns).

Armakuni the Trooper (Deep Elf Fighter)              Turns: 494, Time: 00:01:19

Health: -9/19      AC:  7    Str: 13    XL:     2   Next: 31%
Magic:  4/4        EV:  8    Int: 12    God:
Gold:   5          SH:  4    Dex: 14    Spells: 1/1 levels left

rFire   . . .        a - +0 flail
rCold   . . .        c - +0 buckler
rNeg    . . .        b - +1 scale mail
rPois   .            (no helmet)
rElec   .            (no cloak)
rCorr   .            (no gloves)
SInv    .            (no boots)
Will    .....        (no amulet) Stlth
                     (no ring)
HPRegen 0.23/turn    (no ring)
MPRegen 0.09/turn

%: no passive effects
@: lethally poisoned (-9 -> -45), studying Air Magic
A: no striking features
a: no special abilities


You were on level 1 of the Dungeon.
You visited 1 branch of the dungeon, and saw 1 of its levels.

You collected 5 gold pieces.

Inventory:

Hand Weapons
 a - a +0 flail (weapon)
Armour
 b - a +1 scale mail (worn)
 c - a +0 buckler (worn)
Scrolls
 e - a scroll of identify
Potions
 d - a potion of might


   Skills:
 + Level 3.1 Fighting
 - Level 1.3 Maces & Flails
 - Level 2.4 Armour
 - Level 2.4 Shields


You had one spell level left.
You didn't know any spells.
Your spell library was empty.

Dungeon Overview and Level Annotations

Branches:
Dungeon (1/15)

Altars:


Message History

You kill the rat!
You see here a bat corpse.
You see here a rat corpse.
You see here a +0 whip.
A kobold comes into view.
It is wielding a +2 short sword of venom.
The kobold shouts!
A kobold is nearby!
The kobold barely misses you.
You hit the kobold.
The kobold is moderately wounded.
You block the kobold's attack. The kobold completely misses you.
You closely miss the kobold.
The kobold is moderately wounded.
The kobold hits you but does no damage.
You are poisoned.
You closely miss the kobold.
The kobold is moderately wounded.
You feel sick.
The kobold hits you with a +2 short sword of venom.
You are more poisoned.
You block the kobold's attack.
You closely miss the kobold.
The kobold is moderately wounded.
You feel very sick.
The kobold hits you with a +2 short sword of venom.
You are more poisoned.
You are too injured to fight recklessly!
You hit the kobold but do no damage.
The kobold is moderately wounded.
* * * LOW HITPOINT WARNING * * *
You feel very sick. The kobold hits you but does no damage.
You are more poisoned.
The kobold hits you with a +2 short sword of venom.
* * * LOW HITPOINT WARNING * * *
You are more poisoned.
You hit the kobold.
You kill the kobold!
Ouch! That really hurt!
You die...

#.##..########
#.......... #.#
###.#.....#
#.##....##. .
##..###.###)##.#.....
#..# #.....##.#.####
#..###..........#
.#.........)....#
.#######.######..#
...########.# #..#
#.....)@....# #..####
############# #......
#.##### #......
#######


There were no monsters in sight!

Vanquished Creatures
  An endoplasm (D:1)
  3 goblins (D:1)
  A hobgoblin (D:1)
  A ball python (D:1)
  4 bats (D:1)
  2 kobolds (D:1)
  2 rats (D:1)
14 creatures vanquished.

Notes
Turn   | Place    | Note
-------+----------+-------------------------------------------
     0 | D:1      | Armakuni the Deep Elf Fighter began the quest for the Orb.
     0 | D:1      | Reached XP level 1. HP: 13/13 MP: 3/3
   351 | D:1      | Reached skill level 3 in Fighting
   351 | D:1      | Reached XP level 2. HP: 19/19 MP: 4/4
   494 | D:1      | Succumbed to a kobold's poison

Illustrated notes

Levels and vault maps discovered:
D:1:      mrwooster_arrival_statue_2, layout_loops_ring, serial_shops,
          nicolae_shop_trees

Skill      XL: |  1 |
---------------+----+-----
Fighting       | 3 |  3.1
Maces & Flails | |  1.3
Armour         | |  2.4
Shields        | |  2.4

Action                     || total
---------------------------++-------
  Melee: Flail             ||    42
    Use: Scroll            ||     3
 Armour: Scale mail        ||    25
  Dodge: Dodged            ||    19
  Block: Buckler           ||    11

Table legend: (Time is in decaauts)
 A = Elapsed time spent in this place.
 B = Non-inter-level travel time spent in this place.
 C = Inter-level travel time spent in this place.
 D = Time resting spent in this place.
 E = Time spent auto-exploring this place.
 F = Levels seen in this place.
 G = Mean time per level.
                   A        B        C        D        E       F      G
               +--------+--------+--------+--------+--------+-----+--------+
         Total |    510 |    510 |      0 |    136 |    269 |   1 |  510.0 |
       Dungeon |    510 |    510 |      0 |    136 |    269 |   1 |  510.0 |
               +--------+--------+--------+--------+--------+-----+--------+

Top non-repeatable levels by time:
     D:1: 510 daAuts
